 Dungeon Crawl Stone Soup version 0.30-a0-1161-g0704695555 (webtiles) character file.

Game seed: 3974739185784409086

379 voltaire321 the Ducker (level 6, 0/47 HPs)
             Began as a Merfolk Transmuter on Apr 27, 2023.
             Slain by an orc wizard
             ... wielding a +0 dagger
              (3 damage)
             ... on level 4 of the Dungeon.
             The game lasted 00:10:57 (3683 turns).

voltaire321 the Ducker (Merfolk Transmuter)         Turns: 3683, Time: 00:10:57

Health: 0/47       AC:  3    Str: 10    XL:     6   Next: 74%
Magic:  1/10       EV: 14    Int: 12    God:
Gold:   130        SH:  0    Dex: 17    Spells: 4/11 levels left

rFire   . .          .
                       - Unarmed
rCold   . . .        (no shield)
rNeg    . . .        a - +0 robe
rPois   .            (no helmet)
rElec   .            (no cloak)
rCorr   .            i - +0 pair of gloves
SInv    .            (no boots)
Will    .....        (no amulet)
Stlth   +            (no ring)
HPRegen 0.27/turn    (no ring)
MPRegen 0.12/turn

%: no passive effects
@: confused, mighty
A: (nimble swimmer 2), mertail
a: no special abilities


You were on level 4 of the Dungeon.
You visited 1 branch of the dungeon, and saw 4 of its levels.

You collected 130 gold pieces.

Inventory:

Missiles
 c - 4 javelins
Armour
 a - a +0 robe (worn)
 i - a +0 pair of gloves (worn)
Scrolls
 d - a scroll of fog {unknown}
 e - 2 scrolls of vulnerability {unknown}
 g - 7 scrolls of identify {unknown}
 h - 2 scrolls of blinking {unknown}
 j - a scroll of brand weapon {unknown}
 k - a scroll of fear {unknown}
 n - a scroll of teleportation {unknown}
Potions
 b - a potion of lignification
 f - a potion of curing
 l - a potion of mutation {unknown}
 m - a potion of might
 o - a potion of heal wounds {unknown}


   Skills:
 + Level 3.2 Fighting
 + Level 4.6 Dodging
 + Level 4.5 Unarmed Combat
 + Level 3.2 Spellcasting
 + Level 4.6 Transmutations
 + Level 1.1 Poison Magic


You had 4 spell levels left.
You knew the following spells:

 Your Spells              Type           Power      Damage    Failure   Level
a - Beastly Appendage     Tmut           26%        N/A       3%          1
b - Wereblood             Tmut           13%        N/A       5%          2
c - Spider Form           Tmut/Pois      8%         N/A       22%         3
d - Sting                 Tmut/Pois      32%        1d4       8%          1

Your spell library contained the following spells:

 Spells                   Type           Power      Damage    Failure   Level
 Poisonous Vapours        Pois/Air       6%         N/A       28%         2
 Lesser Beckoning         Tloc           2%         N/A       36%         2
 Gell's Gravitas          Tloc           1%         N/A       58%         3
 Teleport Other           Tloc           1%         N/A       58%         3
 Ice Form                 Ice/Tmut       7%         N/A       67%         4
 Olgreb's Toxic Radiance  Pois           4%         N/A       83%         4


Dungeon Overview and Level Annotations

Branches:
Dungeon (4/15)
 Temple: D:4-7

Altars:
Makhleb
Qazlal

Shops:
D:4 *


Innate Abilities, Weirdness & Mutations

((You are very nimble when in or above water. (Stealth+, EV+, Speed+++)))
Your lower body shifts to a powerful aquatic tail in water.


Message History

The orc priest is almost dead.
The orc priest looks more healthy.
The orc priest calls upon Beogh to heal the orc priest.
The orc priest is healed somewhat.
The orc priest barely misses you.
Aiming: Sting (safe; 8% risk of failure)
Press: ? - help, Q - select action, (/) - cycle Shift-Dir - straight line, f/p - orc priest
Aim: an orc priest, wielding a +0 whip and wearing a +0 chain mail (heavily wounded, 77% to hit)
The sting hits the orc priest but does no damage.
The orc priest is poisoned.
The orc priest is heavily wounded.
The orc priest barely misses you.
You don't have enough magic to cast this spell.
Unknown command.
It was a potion of might.
You feel very mighty all of a sudden.
The orc wizard mumbles some strange words.
The orc wizard flickers and vanishes!
Deactivating autopickup; reactivate with Ctrl-A.
The orc priest barely misses you.
You hit the orc priest.
The orc priest is severely wounded.
The orc priest calls down the wrath of Beogh upon you.
Pain shoots through your body!
* * * LOW HITPOINT WARNING * * *
You hit the orc priest.
You kill the orc priest!
The orc priest mumbles some strange prayers to Beogh against you.
Pain shoots through your body!
* * * LOW HITPOINT WARNING * * *
You barely miss something. Something hits you but does no damage.
You miss something.
You hear some strange, mumbled words.
A magic dart appears from out of thin air!
The magic dart hits you.
* * * LOW HITPOINT WARNING * * *
You punch something!
You hear some strange, mumbled words.
You are confused.
You bump into the rock wall.
Something hits you.
You die...

....## #..# #.......# #.
#..## ##.## #....o..# #.
##..## #..# #.......# #.
##..###..# #.......# #.
##..##..# #.......# ##
###..#..# #.......# #.
##..#....# #...)...# #.
#.......#########.....+ +.
#..............@{o.#......
#....
#######.##################
##### ###


You could see an orc.

Vanquished Creatures
  Sigmund (D:2)
  A hound (D:4)
  2 orc priests
  Jessica (D:2)
  3 adders
  A worm (D:4)
  4 orcs
  5 bats
  7 endoplasms
  5 giant cockroaches
  7 goblins
  4 hobgoblins
  2 jackals (D:2)
  3 quokkas
  5 ball pythons
  13 kobolds
  4 rats
68 creatures vanquished.

Notes
Turn   | Place    | Note
-------+----------+-------------------------------------------
     0 | D:1      | voltaire321 the Merfolk Transmuter began the quest for the
                  | Orb.
     0 | D:1      | Reached XP level 1. HP: 15/15 MP: 3/3
   113 | D:1      | Reached XP level 2. HP: 21/21 MP: 3/5
   435 | D:1      | Learned a level 2 spell: Wereblood
   882 | D:2      | Reached XP level 3. HP: 26/27 MP: 2/6
  1325 | D:2      | Noticed Jessica
  1334 | D:2      | Killed Jessica
  1496 | D:2      | Reached XP level 4. HP: 33/33 MP: 5/7
  1672 | D:2      | Noticed Sigmund
  1702 | D:2      | Killed Sigmund
  1703 | D:2      | Reached XP level 5. HP: 7/40 MP: 6/9
  1981 | D:3      | Learned a level 3 spell: Spider Form
  1983 | D:3      | Learned a level 1 spell: Sting
  2016 | D:2      | Reached XP level 6. HP: 42/46 MP: 6/10
  2563 | D:3      | Found a faded altar of an unknown god.
  3306 | D:4      | Found a stormy altar of Qazlal.
  3460 | D:4      | Found a burning altar of Makhleb.
  3516 | D:4      | Found Mausheav's Lightly-Used Armoury.
  3560 | D:4      | Identified the +1 leather armour of Vedyn {Dex+2}
  3648 | D:4      | Reached skill level 1 in Poison Magic
  3683 | D:4      | Slain by an orc wizard

Illustrated notes

Levels and vault maps discovered:
D:1:      dpeg_arrival_arbitrary_c, layout_loops_ring,
          hangedman_abyss_or_decor_lesser_grid, chequers_serial_rivers_micro_d
D:2:      layout_basic, serial_forest, infiniplex_forest_straight_1,
          infiniplex_forest_clump_small, infiniplex_forest_straight_2,
          infiniplex_forest_clump_medium, infiniplex_forest_straight_2,
          infiniplex_forest_clump_tiny, uniq_sigmund, uniq_crazy_yiuf_cottage,
          uniq_jessica
D:3:      layout_basic, hellmonk_ecumenical_altar_arch_garden,
          nicolae_kite_square_tiling_tiny, st_stairs_11, serial_park_tiny_1,
          reono_crystal_passage, minmay_hedge_maze, minmay_ruptured
D:4:      layout_cave_pods, nicolae_ru_great_annihilating_truth,
          nicolae_qazlal_general_emergency, makhleb_heckhound_becter,
          minmay_shop_damaged

Skill      XL: |  1  2  3  4  5  6 |
---------------+-------------------+-----
Dodging        | 3 4 |  4.6
Transmutations | 3 4 |  4.6
Fighting       | 2 3 |  3.2
Unarmed Combat | 4 |  4.5
Spellcasting   | 3 |  3.2
Poison Magic   | 1 |  1.1

Action                     |  1- 3 |  4- 6 || total
---------------------------+-------+-------++-------
  Melee: Unarmed           |    65 |    97 ||   162
         Headbutt          |     8 |     4 ||    12
         Punch             |     2 |       ||     2
  Throw: Javelin           |       |     2 ||     2
   Cast: Beastly Appendage |    21 |     5 ||    26
         Wereblood         |     1 |       ||     1
         Sting             |       |    47 ||    47
         Spider Form       |       |     5 ||     5
    Use: Potion            |       |     3 ||     3
   Stab: Sleeping          |     1 |     2 ||     3
 Armour: Robe              |    17 |    12 ||    29
         Skin              |       |     2 ||     2
  Dodge: Dodged            |    43 |    58 ||   101

Table legend: (Time is in decaauts)
 A = Elapsed time spent in this place.
 B = Non-inter-level travel time spent in this place.
 C = Inter-level travel time spent in this place.
 D = Time resting spent in this place.
 E = Time spent auto-exploring this place.
 F = Levels seen in this place.
 G = Mean time per level.
                   A        B        C        D        E       F      G
               +--------+--------+--------+--------+--------+-----+--------+
         Total |   3668 |   3524 |    144 |    414 |   2429 |   4 |  917.0 |
       Dungeon |   3668 |   3524 |    144 |    414 |   2429 |   4 |  917.0 |
               +--------+--------+--------+--------+--------+-----+--------+

Top non-repeatable levels by time:
     D:2: 1185 daAuts
     D:3: 1010 daAuts
     D:1: 855 daAuts
     D:4: 616 daAuts
